[Event "Tata Steel Chess India Rapid & Blitz 2023"]
[Site "Köln"]
[Date "2023.09.07"]
[Round "8"]
[White "Gukesh, D."]
[Black "Praggnanandhaa, R."]
[Result "1-0"]
[WhiteElo "2651"]
[BlackElo "2703"]
[ECO "D04"]
[EventDate "2023.??.??"]
[Annotator "Leitao,Rafael"]
[PlyCount "89"]
[Beauty "7355534158931"]
[EventType "blitz"]
[EventCountry "GER"]
[TimeControl "1500+10"]

1.d4 Nf6 2.Nf3 d5 3.e3 c5 4.dxc5 $5 {[%c_effect c5;square;c5;type;Interesting;persistent;true] This interesting opening was recently tested in a decisive game of the Women's World Championship match.} 4...e6 5.b4 a5 6.c3 axb4 7.cxb4 b6 8.Bb5+ Bd7 9.Bxd7+ Nbxd7 10.a4 bxc5 11.b5 {The main strategic theme for this fun position is well defined: two passed pawns on the queenside against a flashy central majority. Which one is more important $2 As usual in top-level chess, the two factors balance each other out to create a dynamic equality. But it's the type of equality that requires a lot of precision from both players and in which the cost of a mistake tends to be very high.} 11...Bd6 12.O-O Qc7 {The queen is well positioned here, supporting the e-pawn advance and looking to the kingside. Of course, there's nothing wrong with castling first and deciding the queen's course later.} ( 12...O-O ) 13.Bb2 e5 {Surprisingly, this is already a new move.} ( 13...O-O 14.Nbd2 Rfc8 15.Qc2 c4 $6 ( 15...e5 {is better.} 16.e4 c4 $1 17.Rfc1 Bb4 18.Bc3 Bxc3 19.Qxc3 dxe4 20.Ng5 Nc5 {and the computer shows equality in all variations.} ) 16.Bc3 $1 {[%c_effect c3;square;c3;type;GreatFind;persistent;true] supporting the advance of the a-pawn with advantage for White in Ju-Lei, World-ch (Women) Shanghai/Chongqing 2023 (12).} ) ( 13...g5 {is an interesting move that I also mentioned in my analysis of the game between Ju and Lei.} 14.g3 g4 15.Nh4 Be5 {with a good position for Black, at least this is the conclusion drawn from correspondence games.} ) 14.Nfd2 ( 14.e4 $2 {[%c_effect e4;square;e4;type;Mistake;persistent;true] is a mistake, since after} 14...d4 $1 {[%c_effect d4;square;d4;type;GreatFind;persistent;true] the other pawn is ready to go to c4.} ) 14...e4 15.f4 ( 15.h3 {This is a good alternative and the computer's first choice. The game remains very complicated after} 15...O-O 16.Nc3 Rfe8 ) 15...O-O {An interesting and difficult topic in chess is when is it worth capturing \"en passant\" and when is it better to leave the structure in tact. Interestingly, this is not well studied in chess literature, but it's a problem that occurs frequently and I must admit that I often make the wrong decision.} ( 15...exf3 $6 {[%c_effect f3;square;f3;type;Inaccuracy;persistent;true] It seems that this move is a mistake here:} 16.Nxf3 O-O 17.Nc3 {The central pawns come under attack and the tactics work well for White.} 17...Nb6 18.a5 $1 Nc4 19.Nxd5 Nxd5 20.Qxd5 Nxb2 21.b6 Qd8 22.g3 $1 {[%c_effect g3;square;g3;type;GreatFind;persistent;true] avoiding ...Bxh2+. The advanced pawns more than compensate for the missing piece.} ) 16.Nc3 Rfe8 ( 16...c4 $5 {[%c_effect c4;square;c4;type;Interesting;persistent;true] is an important possibility, preparing Nc5-d3.} 17.Ndb1 $5 {[%c_effect b1;square;b1;type;Interesting;persistent;true] attacking the d5-pawn.} 17...Qb6 18.Nxd5 Nxd5 19.Qxd5 Qxe3+ 20.Kh1 Qe2 21.Nd2 Bb4 $1 {[%c_effect b4;square;b4;type;GreatFind;persistent;true] with big complications, for instance:} 22.Nxc4 Nc5 23.Bxg7 $5 {[%c_effect g7;square;g7;type;Interesting;persistent;true] It's always nice for the commentator to finish a variation with a pretty perpetual check.} 23...Kxg7 24.Qg5+ Kh8 25.Qf6+ {with a draw.} ) 17.Re1 {Possibly not the best way to fight against d5-d4. White has two good alternatives.} ( 17.Qc2 ) ( 17.Ne2 ) 17...d4 $5 18.exd4 e3 ( 18...Bxf4 {is more accurate:} 19.Ncxe4 Bxh2+ 20.Kh1 Bg3 21.Nxg3 Qxg3 {with a balanced position.} ) 19.Nf3 Bxf4 20.Ne2 Bd6 21.dxc5 Bxc5 22.Bd4 {With the danger of the advance of Black's central pawns gone, the position is easier to play for White, although the computer still evaluates it as equal.} 22...Qb6 ( 22...Ne4 {is a good option.} ) 23.Qd3 Bxd4 24.Qxd4 Qa5 $6 ( 24...Nc5 {is easier:} 25.Rec1 Nfe4 26.Qxe3 Nxa4 {with a likely draw.} ) 25.Ng3 Nb6 $2 ( 25...Rad8 $1 {[%c_effect d8;square;d8;type;GreatFind;persistent;true] is the only way to fight for equality. The position becomes chaotic and the computer lines are impossible for humans to analyze during a rapid game.} 26.Rxe3 Ne5 $1 27.Qc3 {Now Black has two equally interesting moves.} 27...Qb6 ( 27...Qa7 28.Nxe5 Nd5 29.Nc6 $1 Nxc3 30.Nxa7 Rxe3 31.a5 {The pawns are menacing, but Black's position can be saved:} 31...Red3 32.b6 Rd1+ 33.Rxd1 Rxd1+ 34.Kf2 Rb1 35.Nc6 Nd5 {followed by ...Nxb6 with a draw.} ) 28.Nxe5 Nd5 29.a5 $1 Qxe3+ ( 29...Qxb5 30.Qc6 $1 Qb2 31.Ree1 Rxe5 32.a6 {The a-pawn still poses some dangers.} ) 30.Qxe3 Nxe3 31.Nc6 Rd2 32.a6 Rxg2+ 33.Kh1 Rb2 {and the machine indicates equality after all these adventures.} ) 26.Nf5 ( 26.Rxe3 {is even better. After} 26...Rxe3 27.Qxe3 Nxa4 28.Qb3 $1 {[%c_effect b3;square;b3;type;GreatFind;persistent;true] It's not easy to untangle Black's pieces on the a-file.} ) 26...Nbd5 27.Nd6 $1 {[%c_effect d6;square;d6;type;GreatFind;persistent;true] A surprising journey to the other flank.} 27...Re6 28.Nc4 Qb4 ( 28...Qc7 {is a better chance:} 29.Nxe3 Nxe3 30.Rxe3 Rd6 ) 29.Reb1 Qe7 30.b6 $2 {[%c_effect b6;square;b6;type;Mistake;persistent;true] The pawns finally start moving, but it's actually the wrong time for that.} ( 30.Ng5 $1 {[%c_effect g5;square;g5;type;GreatFind;persistent;true] wins on the spot, since the rook has no good squares.} ) 30...Re4 $6 ( 30...e2 $1 {[%c_effect e2;square;e2;type;GreatFind;persistent;true] gives Black good chances of escaping, since the advance of the pawns is not yet winning:} 31.a5 ( 31.b7 Rb8 ) 31...Rd8 ) 31.b7 $1 Rb8 32.Qa7 Qc7 $6 ( 32...Nd7 $1 {[%c_effect d7;square;d7;type;GreatFind;persistent;true] is the only chance to defend. A possible variation goes:} 33.a5 Rxc4 34.a6 Rb4 35.Rxb4 Qxb4 36.Qxb8+ Nxb8 37.a7 Qxb7 38.a8=Q Qb2 $1 39.Qa2 Qxa2 40.Rxa2 Nd7 {This endgame is probably defendable.} ) 33.a5 $2 ( 33.Nce5 $1 {[%c_effect e5;square;e5;type;GreatFind;persistent;true] is decisive, with the idea of playing Nc6.} ) 33...Ree8 $2 ( 33...Nd7 $1 {[%c_effect d7;square;d7;type;GreatFind;persistent;true] is the correct move:} 34.a6 Nc3 $1 {[%c_effect c3;square;c3;type;GreatFind;persistent;true] The chaos continues, but Black isn't lost anymore.} ) 34.a6 Nc3 35.Rb4 ( 35.Qxb8 $1 {[%c_effect b8;square;b8;type;GreatFind;persistent;true] is the best path to victory:} 35...Rxb8 36.a7 ) 35...h6 $6 ( 35...e2 $1 {[%c_effect e2;square;e2;type;GreatFind;persistent;true] is the only practical chance, as White has to find a difficult move in order to win.} 36.Ncd2 $1 {[%c_effect d2;square;d2;type;GreatFind;persistent;true] This machine suggestion prepares Rc4 and gives White a winning position.} ( 36.Qxb8 $2 {[%c_effect b8;square;b8;type;Mistake;persistent;true] no longer works:} 36...Qxb8 37.a7 e1=Q+ $1 38.Nxe1 ( 38.Rxe1 Qxa7+ ) 38...Ne2+ 39.Kh1 Qxh2+ $3 {[%c_effect h2;square;h2;type;Brilliant;persistent;true] A fantastic resource $1} 40.Kxh2 Ng4+ 41.Kh3 Nf2+ {White must accept a draw by perpetual check, unless he wants to be mated after} 42.Kh4 $4 Re4+ 43.Kg5 f6+ 44.Kf5 Nd4# ) ) 36.Qxb8 $1 Rxb8 37.a7 Nd7 38.a8=Q {White is now a rook up, and the rest of the game requires no comment.} 38...Nd5 39.Rba4 e2 40.Qa5 Qxb7 41.Qd2 Nc5 42.Ra7 Qc6 43.Qxe2 Ne6 44.Nce5 Qc3 45.Ra8 1-0

[Event "Tata Steel Chess India Blitz 2023"]
[Site "Kalkata"]
[Date "2023.09.03"]
[Round "9"]
[White "Vantika, Agrawal"]
[Black "Batsiashvili, Nino"]
[Result "1-0"]
[WhiteElo "2267"]
[BlackElo "2231"]
[ECO "E06"]
[EventDate "2023.??.??"]
[Annotator "Leitao,Rafael"]
[PlyCount "69"]
[Beauty "8043672380967"]
[EventType "blitz"]
[EventCountry "IND"]
[TimeControl "180+2"]

1.d4 d5 2.c4 e6 3.Nf3 Nf6 4.g3 Be7 5.Bg2 O-O 6.O-O a5 {A rare move that has been played a few times by Carlsen. Its greatest merit is to avoid the more theoretical lines, but it's not a useless move since the pawn on a5 is helpful for Black in some variations, either advancing it to a4, as we will see in this game, or else making the a6-square more comfortable for the black bishop after b7-b6.} 7.Qc2 {A natural reaction.} ( 7.Nc3 {is also possible.} ) 7...Nc6 {Placing the knight in front of the c-pawn in Queen's Pawn structures is always strategically dangerous.} ( 7...c6 {with the idea of b6-Ba6 is safer.} ) 8.a3 $1 {[%c_effect a3;square;a3;type;GreatFind;persistent;true] Necessary prophylaxis against 8...Nb4.} ( 8.Rd1 $4 {[%c_effect d1;square;d1;type;Blunder;persistent;true] ends in tragedy:} 8...Nb4 {and Black is already winning $1} ) 8...dxc4 9.Qxc4 a4 {This move justifies the development of the knight on c6. It can now go to a5 and b3.} 10.Nc3 Bd7 {Defending the a-pawn and getting ready for ...Na5.} 11.Qd3 $1 {[%c_effect d3;square;d3;type;GreatFind;persistent;true] When your opponent has a move that she is clearly going to play and that move attacks your piece, remove the piece in advance and only then think about what you're going to do. This is a practical and effective strategy, especially in blitz games.} 11...Na5 12.Bg5 $1 {[%c_effect g5;square;g5;type;GreatFind;persistent;true] I'm generally not a big fan of exchanging a bishop for a knight, but here the strategy is typical of the Catalan and fully justified, as White gains central control and solves the problem of the bishop, which didn't have a nice square.} 12...h6 13.Bxf6 Bxf6 14.Rad1 {White has practically completed development (only the f1-rook needs to be placed on e1) and is ready to advance the center, where he has one more pawn (d- and e-pawns against an e-pawn).} 14...Qb8 {A good move, removing the queen from the x-ray with the d1-rook and preparing to advance b7-b5, gaining active chances on the queenside.} 15.e4 Rd8 ( 15...b5 $1 {[%c_effect b5;square;b5;type;GreatFind;persistent;true] is better, immediately starting the counterplay.} 16.e5 Be7 17.d5 Qb6 {with a double-edged position.} ) 16.Rfe1 ( 16.e5 $1 {[%c_effect e5;square;e5;type;GreatFind;persistent;true] I'm not sure this preparatory move is necessary. White can start advancing immediately with} 16...Be7 17.d5 ) 16...Be8 ( 16...b5 $1 ) 17.e5 Be7 18.Qe2 {A solid blitz move, removing the queen from any potential attack by Black's rook.} ( 18.d5 {is also good.} ) 18...Bc6 ( 18...Qa7 {with the idea of playing ...Qa6 is a better chance, although White is better after} 19.d5 ) 19.h4 ( 19.d5 $1 {[%c_effect d5;square;d5;type;GreatFind;persistent;true] This move could be played immediately:} 19...Bxd5 ( 19...exd5 20.e6 {with a decisive attack.} ) 20.Nxd5 Rxd5 21.Rxd5 exd5 22.e6 {Black is unable to defend.} ) 19...b5 {It's hard to suggest anything for Black.} ( 19...Bxf3 20.Qxf3 c6 21.Re4 {White brings the rook to the attack.} ) 20.d5 $1 {[%c_effect d5;square;d5;type;GreatFind;persistent;true] The decisive blow.} 20...Bxd5 21.Nxd5 exd5 {In positions with opposite-colored bishops, attacking the king is more dangerous than usual. Furthermore, Black has several pieces away from the king, isolated on the queenside, as is the case with the knight, rook, and queen. When you don't have time to calculate too much, as is the case in a blitz game, these strategic factors, which are intuitively evaluated by an experienced player, help you make the right decision.} 22.Nd4 {The knight heads to f5. 22.e6 is equally good.} ( 22.e6 {with a decisive attack. In this case, the knight may also go to e5.} ) 22...c6 23.Nf5 ( 23.e6 {destroys Black's defense.} ) 23...Bf8 24.e6 fxe6 25.Qxe6+ Kh8 26.h5 $1 {[%c_effect h5;square;h5;type;GreatFind;persistent;true] Preparing Nh4-g6.} 26...Qc8 ( 26...Nc4 {is possible, but Black loses here too, for instance::} 27.Nh4 Qd6 28.Ng6+ Kh7 29.Be4 $3 Qxe6 30.Nxf8+ Kg8 31.Nxe6 ) 27.Qg6 Nc4 28.Bh3 Qc7 29.Re7 $1 {[%c_effect e7;square;e7;type;GreatFind;persistent;true] White wins material, and the attack continues.} 29...Qxe7 30.Nxe7 Bxe7 31.Bf5 Kg8 32.Re1 Bf6 33.Qh7+ Kf8 34.Qh8+ Kf7 35.Bg6# 1-0

[Event "Tata Steel Chess India Rapid & Blitz 2023"]
[Site "Kalkata"]
[Date "2023.09.02"]
[Round "9"]
[White "Koneru, Humpy"]
[Black "Divya, Deshmukh"]
[Result "0-1"]
[WhiteElo "2461"]
[BlackElo "2216"]
[ECO "E15"]
[EventDate "2023.??.??"]
[Annotator "Leitao,Rafael"]
[PlyCount "102"]
[Beauty "6942298769428"]
[EventType "rapid"]
[EventCountry "IND"]
[TimeControl "1500+10"]

1.d4 Nf6 2.c4 e6 3.Nf3 b6 4.g3 Ba6 5.Nbd2 {A positional choice against the Queen's Indian. I played this move several times during the most active years of my career. Nowadays 5.b3 and 5.Qc2 are the most popular.} 5...c5 {A good move, but 5...Bb4, 5...Bb7 and 5...d5 are more popular.} 6.Bg2 ( 6.e4 $1 {[%c_effect e4;square;e4;type;GreatFind;persistent;true] is the critical test.} 6...cxd4 7.e5 Ng4 8.h3 Nh6 9.Bg2 {I think White has more chances of an opening advantage in this position.} ) 6...Nc6 7.dxc5 bxc5 8.O-O Be7 9.b3 O-O 10.Bb2 {We arrive at a typical middlegame for the Queen's Indian pawn structure. Black has a free game and a pawn more in the center, something that I learned to appreciate with my former coach, GM Milos.} 10...d5 ( 10...Qc7 {is also possible, delaying central activity.} ) 11.cxd5 exd5 12.Rc1 {On the board we have hanging pawns, one of the most important pawn structures in chess. This is a good version for Black because his pieces are well-developed and White's position is a bit passive.} 12...Qb6 13.Re1 Ne4 $5 {[%c_effect e4;square;e4;type;Interesting;persistent;true] There's nothing wrong with this move, although it's more natural to bring the rooks into the game. Should the rooks go to c8 and d8, d8 and e8, or somewhere else $2 As usual, this is a difficult question, and if you are below 2700, it's probably better to just toss a coin to decide.} ( 13...Rfd8 ) ( 13...Rac8 ) ( 13...Rad8 ) 14.Ne5 {A good move, exchanging a pair of knights.} ( 14.Nxe4 {is not very good:} 14...dxe4 15.Nd2 {Here Black achieves a good position with the typical pawn sacrifice:} 15...e3 $1 {[%c_effect e3;square;e3;type;GreatFind;persistent;true] disrupting White's pawn structure.} ) ( 14.Qc2 f5 $1 {[%c_effect f5;square;f5;type;GreatFind;persistent;true] This is Black's idea: the knight is held in an active position on e4.} ) 14...Nxe5 15.Bxe5 Rad8 16.Qc2 ( 16.Nxe4 {Maybe it's time to finally remove this annoying piece.} 16...dxe4 17.Qc2 e3 18.fxe3 Rfe8 {with an equal position.} ) 16...f5 17.e3 Qe6 18.Bb2 Rc8 $1 19.Nf3 Rfd8 ( 19...d4 $1 {[%c_effect d4;square;d4;type;GreatFind;persistent;true] This is a good time to advance one of the hanging pawns, a strategy that always needs to be considered. Black takes advantage of the rook's x-ray with the white queen.} ) 20.Qb1 Bf6 ( 20...h6 {An interesting plan is to advance the g-pawn:} 21.Qa1 g5 22.Ne5 g4 $1 {[%c_effect g4;square;g4;type;GreatFind;persistent;true] Securing the knight's position. Black has the initiative.} ) 21.Qa1 Kf7 {A prophylactic move, anticipating the exchanges on f6.} 22.Ne5+ ( 22.Bxf6 Qxf6 23.Qxf6+ Kxf6 {This is the point of bringing the king to f7.} ) 22...Kg8 23.Nf3 Kf7 24.h4 h6 25.Ne5+ Kg8 26.Nf3 Kf7 27.Ne5+ Kg8 28.Nf3 {A draw is a sensible result, but Divya needs to win and decides to keep fighting.} 28...Bxb2 29.Qxb2 g5 $5 {[%c_effect g5;square;g5;type;Interesting;persistent;true] A risky move, but Black is trying to complicate the game.} 30.Red1 ( 30.b4 $1 {[%c_effect b4;square;b4;type;GreatFind;persistent;true] is a better way to get counter-chances.} ) 30...Kh7 $6 ( 30...Bb7 ) ( 30...Qe7 $5 {[%c_effect e7;square;e7;type;Interesting;persistent;true] is an interesting move to fight against White's plan of b3-b4.} ) 31.hxg5 hxg5 32.Qe5 $6 ( 32.b4 $1 {[%c_effect b4;square;b4;type;GreatFind;persistent;true] This definitely should be played now, especially as Black's king is not comfortable on h7. White has the advantage.} ) 32...Qxe5 33.Nxe5 Kg7 $1 {[%c_effect g7;square;g7;type;GreatFind;persistent;true] The king is going to be well-placed now.} 34.Rc2 Kf6 35.Nf3 $2 {[%c_effect f3;square;f3;type;Mistake;persistent;true] This is the wrong path for the knight. White should choose either one of the computer moves (objectively best), 35.Bxe4 and 35.f4, or the human move (not so good, but easier to play and understand) 35.Nd3.} ( 35.f4 Nxg3 36.Bf3 {The rook may go to g2 or h2, and somehow the machine defends White's position.} ) ( 35.Bxe4 {Another very difficult move, parting with such an important bishop.} 35...dxe4 ( 35...fxe4 36.f4 $1 ) 36.Rxd8 Rxd8 37.Rxc5 Rd1+ 38.Kh2 Be2 39.g4 $1 {[%c_effect g4;square;g4;type;GreatFind;persistent;true] The only move, otherwise Black plays g5-g4. White escapes.} ) ( 35.Nd3 {A more natural choice, but here Black is better after} 35...g4 36.Nf4 d4 ) 35...g4 36.Ne1 ( 36.Nd2 {leaves White in a terrible bind:} 36...Bd3 37.Rcc1 Rh8 38.Bf1 c4 {with a winning position for Black.} ) 36...c4 $2 ( 36...d4 $1 {[%c_effect d4;square;d4;type;GreatFind;persistent;true] is much stronger:} 37.exd4 cxd4 38.Rxc8 Bxc8 {The knight can go to c3, and the d-pawn is very dangerous. Black's position is winning.} ) 37.Bf1 ( 37.Bxe4 {is again difficult to play but possible to defend with the help of the machine.} 37...dxe4 ( 37...fxe4 38.Ng2 ) 38.Rxd8 Rxd8 39.bxc4 Rd1 40.Kf1 Ra1 41.Ke2 Rxa2 42.Kd2 Bxc4 43.Kc3 {with a drawn endgame.} ) 37...Ke5 ( 37...Bb5 $1 {[%c_effect b5;square;b5;type;GreatFind;persistent;true] is better, preventing the capture on c4:} 38.bxc4 $2 Ba4 ) 38.Rdc1 ( 38.bxc4 $1 {[%c_effect c4;square;c4;type;GreatFind;persistent;true] is necessary.} 38...dxc4 39.Rxd8 Rxd8 40.Bxc4 Bxc4 41.Rxc4 Rd1 42.Kf1 {White survives.} ) 38...Ng5 $1 39.Be2 ( 39.bxc4 {The c-pawn cannot be captured:} 39...dxc4 40.Bxc4 $2 Bxc4 41.Rxc4 Rxc4 42.Rxc4 Rd1 43.Kf1 Nf3 ) 39...cxb3 40.Rxc8 $2 {[%c_effect c8;square;c8;type;Mistake;persistent;true] This is a blunder that abruptly decides the game.} ( 40.axb3 $1 Rxc2 ( 40...Bxe2 $2 41.Rxc8 ) 41.Rxc2 {with good drawing chances for White.} ) 40...Rxc8 41.Rxc8 bxa2 $1 {[%c_effect a2;square;a2;type;GreatFind;persistent;true] It's all over. The a-pawn decides the game.} 42.Re8+ ( 42.Rc1 Bxe2 43.Ra1 Bc4 {with an easy win.} ) 42...Kd6 43.Nc2 Bxe2 44.Ra8 Nf3+ 45.Kh1 Ne1 ( 45...a6 {is also good.} ) 46.Na1 ( 46.Rxa7 {is the only chance, but the endgame is easily winning for Black after} 46...Nxc2 47.Rxa2 Bd3 ) 46...a6 47.Rc8 Bd3 48.Rc1 Nc2 $1 {[%c_effect c2;square;c2;type;GreatFind;persistent;true] A nice finishing touch.} 49.Rxc2 ( 49.Nxc2 Bxc2 50.Ra1 Bb1 ) 49...Bxc2 50.Nxc2 Kc5 51.Kg2 Kc4 {Black's king played a decisive role in this game.} 0-1